 Dungeon Crawl Stone Soup version 0.27-a0-1555-g0e7b3fb1d2 (webtiles) character file.

Game seed: 4076550989164805091

85 lunkers the Ruffian (level 4, 0/36 HPs)
             Began as a Ghoul Warper on July 14, 2021.
             Slain by a gnoll (8 damage)
             ... on level 2 of the Dungeon.
             The game lasted 00:01:30 (1826 turns).

lunkers the Ruffian (Ghoul Warper)                  Turns: 1826, Time: 00:01:31

Health: 0/36       AC:  5    Str: 14    XL:     4   Next: 48%
Magic:  5/5        EV: 10    Int:  8    God:
Gold:   84         SH:  0    Dex:  9    Spells: 6/6 levels left

rFire    . . .     SeeInvis .     - Unarmed
rCold    + . .     Faith    .   (no shield)
rNeg     + + +     Spirit   .   e - +0 ring mail
rPois    ∞         Reflect  .   (no helmet)
rElec    .         Harm     .   (no cloak)
rCorr    +         Rampage  .   (no gloves)
Will     .....                  (no boots)
Stlth    ..........             (no amulet)
HPRegen  0.00/turn              d - ring of resist corrosion
MPRegen  0.09/turn              (no ring)

@: no status effects
A: claws 1, cold resistance 1, negative energy resistance 3, inhibited
regeneration, torment resistance 2
a: no special abilities


You were on level 2 of the Dungeon.
You visited 1 branch of the dungeon, and saw 2 of its levels.

You collected 84 gold pieces.

Inventory:

Missiles
 c - 5 boomerangs of dispersal
Armour
 a - a +0 leather armour
 e - a +0 ring mail (worn)
Jewellery
 d - a ring of resist corrosion (left claw)
 k - a ring of flight
Scrolls
 b - a scroll of blinking
 f - a scroll of teleportation {unknown}
 h - a scroll of identify {unknown}
 i - a scroll of amnesia {unknown}
Potions
 g - 2 potions of magic {unknown}
 j - a potion of cancellation {unknown}


   Skills:
 - Level 2.1 Fighting
 - Level 0.8 Throwing
 - Level 0.8 Armour
 - Level 1.7 Dodging
 * Level 5.0 Unarmed Combat
 - Level 1.7 Spellcasting
 - Level 2.6 Translocations


You had 6 spell levels left.
You didn't know any spells.
Your spell library contained the following spells:

 Spells                   Type           Power      Damage    Failure   Level
 Blink                    Tloc           N/A        N/A       36%         2
 Gell's Gravitas          Tloc           2%         N/A       58%         3
 Lesser Beckoning         Tloc           2%         N/A       58%         3
 Teleport Other           Tloc           5%         N/A       58%         3
 Manifold Assault         Tloc           5%         N/A       100%        5


Dungeon Overview and Level Annotations

Branches:
Dungeon (2/15)

Altars:
Vehumet


Innate Abilities, Weirdness & Mutations

You thrive by killing the living.
You are immune to poison.
You have sharp fingernails.
Your flesh is cold resistant. (rC+)
You are immune to negative energy. (rN+++)
You do not regenerate when monsters are visible.
You are immune to unholy pain and torment.


Message History

The gnoll misses you.
You scratch the gnoll but do no damage. The gnoll hits you with a +0 halberd.
You scratch the gnoll.
The gnoll is moderately wounded.
The gnoll barely misses you.
You closely miss the gnoll.
The gnoll is moderately wounded.
The gnoll hits you with a +0 halberd!
* * * LOW HITPOINT WARNING * * *
You are too injured to fight recklessly!
You are too injured to fight recklessly!
You are too injured to fight recklessly!
You are too injured to fight recklessly!
You are too injured to fight recklessly!
You are too injured to fight recklessly!
You are too injured to fight recklessly!
You are too injured to fight recklessly!
You are too injured to fight recklessly!
You are too injured to fight recklessly!
You are too injured to fight recklessly!
You are too injured to fight recklessly!
You are too injured to fight recklessly!
You are too injured to fight recklessly!
You are too injured to fight recklessly!
You barely miss the gnoll.
The gnoll is moderately wounded.
The gnoll hits you with a +0 halberd!
* * * LOW HITPOINT WARNING * * *
You barely miss the gnoll.
The gnoll is moderately wounded.
You barely miss the gnoll.
The gnoll is moderately wounded.
The gnoll closely misses you.
You barely miss the gnoll.
The gnoll is moderately wounded.
The gnoll barely misses you.
You claw the gnoll!
The gnoll is almost dead.
The gnoll hits you with a +0 halberd!
You die...

# P###P..#.## ## ≈....P≈≈..#
.####P≈≈≈≈≈.#..#
..#.###PP...#..#
###.#.####PP#..# #.#.#
####..##############
###.#.####.#...#............#
........##.#..##g...........#
###.#.#.##.#...#@...........#
........................>...#
#####.#.##.###.#............#
#####.#.##.# #..............#
......####.# ##........)....#
##########.# #.......<.....#
...........####..###.#.#.####
######...........# #.#.#.# #
#...........###.#g#.#


You could see a gnoll.

Vanquished Creatures
  A centaur skeleton (D:2)
  3 gnolls
  A worm (D:2)
  A ball python (D:2)
  2 giant cockroaches
  6 goblins
  4 hobgoblins
  A quokka (D:1)
  4 bats
  2 rats (D:1)
25 creatures vanquished.

Notes
Turn   | Place    | Note
-------+----------+-------------------------------------------
     0 | D:1      | lunkers the Ghoul Warper began the quest for the Orb.
     0 | D:1      | Reached XP level 1. HP: 17/17 MP: 2/2
   246 | D:1      | Reached XP level 2. HP: 21/24 MP: 3/3
   334 | D:1      | Reached skill level 3 in Unarmed Combat
   859 | D:2      | Reached XP level 3. HP: 29/29 MP: 4/4
  1003 | D:2      | Found a radiant altar of Vehumet.
  1107 | D:2      | Reached skill level 4 in Unarmed Combat
  1107 | D:2      | Reached XP level 4. HP: 34/36 MP: 5/5
  1588 | D:1      | Reached skill level 5 in Unarmed Combat
  1826 | D:2      | Slain by a gnoll

Illustrated notes

Levels and vault maps discovered:
D:1:      wheals_arrival_linesprint, layout_basic, chequers_decorated_corner
D:2:      layout_basic, shapermc_ecumenical_altar_hornbeckon, basic_altar

Skill      XL: |  1  2  3  4 |
---------------+-------------+-----
Unarmed Combat | 3 4 5 |  5.0
Fighting       | |  2.1
Throwing       | |  0.8
Armour         | |  0.8
Dodging        | |  1.7
Spellcasting   | |  1.7
Translocations | |  2.6

Action                   |  1- 3 |  4- 6 || total
-------------------------+-------+-------++-------
Melee: Unarmed           |    66 |    29 ||    95
       Punch             |     1 |       ||     1
Armor: Ring mail         |    26 |     4 ||    30
       Leather armour    |     1 |       ||     1
Dodge: Dodged            |    37 |    26 ||    63

Table legend: (Time is in decaauts)
 A = Elapsed time spent in this place.
 B = Non-inter-level travel time spent in this place.
 C = Inter-level travel time spent in this place.
 D = Time resting spent in this place.
 E = Time spent auto-exploring this place.
 F = Levels seen in this place.
 G = Mean time per level.
                   A        B        C        D        E       F      G
               +--------+--------+--------+--------+--------+-----+--------+
         Total |   1822 |   1762 |     60 |    367 |   1148 |   2 |  911.0 |
       Dungeon |   1822 |   1762 |     60 |    367 |   1148 |   2 |  911.0 |
               +--------+--------+--------+--------+--------+-----+--------+

Top non-repeatable levels by time:
     D:1: 1246 daAuts
     D:2: 575 daAuts
